General information
- name: BNet
- type: Ladder team game (AT/RT)
- host: Battle.net
- saver: KuKuKuKuKuKuKu
map: Cherryville
- players: 8
- length: 21:10
- speed: Fast
- version: 1.26 W3XP
- replay type: Public
» download(138 KB)
Players
team 1 (winner)

»
StivMclabud (
green | 68 APM | 1437 actions | 21:10)
5 Death Knight
3 Death Coil
1 Unholy Aura
1 Death Pact
4 Lich
2 Frost Nova
2 Frost Armor
» actions
| Assign group hotkey | 31 | |
| Basic commands | 146 | |
| Build / train | 48 | |
| Enter build submenu | 19 | |
| Enter hero's abilities submenu | 9 | |
| Give item / drop item | 2 | |
| Remove unit from queue | 1 | |
| Right click | 489 | |
| Select / deselect | 232 | |
| Select group hotkey | 392 | |
| Use ability | 68 | |
1437 total
» units
| Acolyte | 3 | |
| Ghoul | 4 | |
| Crypt Fiend | 7 | |
| Frost Wyrm | 3 | |
| Obsidian Statue | 2 | |
19 total
» upgrades
» buildings
| Graveyard | 1 | |
| Crypt | 1 | |
| Altar of Darkness | 3 | |
| Ziggurat | 8 | |
| Tomb of Relics | 1 | |
| Nerubian Tower | 1 | |
| Halls of the Dead | 2 | |
| Spirit Tower | 3 | |
| Black Citadel | 1 | |
| Sacrificial Pit | 1 | |
| Boneyard | 2 | |
| Slaughterhouse | 1 | |
| Necropolis | 1 | |
26 total
» build order
00:07 Graveyard
00:09 Crypt
00:56 Altar of Darkness
00:58 Ziggurat
01:24 Tomb of Relics
02:07 Ziggurat
02:40 Nerubian Tower
03:15 Altar of Darkness
03:36 Altar of Darkness
04:53 Halls of the Dead
05:12 Ziggurat
05:44 Spirit Tower
07:22 Black Citadel
08:13 Ziggurat
09:29 Sacrificial Pit
10:28 Boneyard
10:33 Boneyard
13:10 Spirit Tower
14:18 Slaughterhouse
15:05 Ziggurat
16:20 Ziggurat
16:28 Spirit Tower
17:56 Ziggurat
18:42 Necropolis
18:58 Ziggurat
21:02 Halls of the Dead
» items
| Rod of Necromancy | 2 | |
| Dust of Appearance | 1 | |
| Scroll of Town Portal | 1 | |
| Orb of Corruption | 1 | |
| Potion of Healing | 1 | |
| Scroll of Healing | 1 | |
| Potion of Mana | 1 | |
8 total
KuKuKuKuKuKuKu (
red | 122 APM | 2576 actions | 21:10)
7 Blademaster
3 Wind Walk
3 Critical Strike
1 Bladestorm
» actions
| Assign group hotkey | 99 | |
| Basic commands | 29 | |
| Build / train | 107 | |
| ESC pressed | 5 | |
| Enter build submenu | 34 | |
| Enter hero's abilities submenu | 7 | |
| Give item / drop item | 6 | |
| Right click | 1003 | |
| Select / deselect | 300 | |
| Select group hotkey | 868 | |
| Use ability | 118 | |
2576 total
» units
| Peon | 26 | |
| Grunt | 13 | |
| Raider | 8 | |
| Kodo Beast | 1 | |
| Demolisher | 2 | |
50 total
» upgrades
| Pillage | 1 | |
| Armor | 3 | |
| Berserker Strength | 1 | |
| Melee Weapons | 3 | |
| Ensnare | 1 | |
| Spiked Barricades | 2 | |
| Reinforced Defenses | 1 | |
| War Drums Damage Increase | 1 | |
| Envenomed Spears | 1 | |
| Backpack | 1 | |
| Troll Regeneration | 1 | |
16 total
» buildings
| Altar of Storms | 1 | |
| Orc Burrow | 7 | |
| Barracks | 1 | |
| Voodoo Lounge | 1 | |
| Great Hall | 1 | |
| Stronghold | 2 | |
| War Mill | 1 | |
| Watch Tower | 15 | |
| Beastiary | 3 | |
| Fortress | 3 | |
35 total
» build order
00:09 Altar of Storms
00:11 Orc Burrow
00:19 Barracks
01:32 Orc Burrow
02:34 Voodoo Lounge
03:15 Orc Burrow
04:50 Great Hall
05:09 Stronghold
05:32 War Mill
05:57 Orc Burrow
07:04 Watch Tower
07:05 Watch Tower
07:44 Watch Tower
07:49 Watch Tower
08:31 Watch Tower
08:36 Watch Tower
08:55 Beastiary
09:23 Beastiary
12:59 Fortress
12:59 Fortress
13:47 Orc Burrow
13:51 Watch Tower
13:57 Watch Tower
14:00 Watch Tower
14:07 Orc Burrow
14:10 Beastiary
16:10 Orc Burrow
16:12 Watch Tower
16:13 Watch Tower
16:13 Watch Tower
16:14 Watch Tower
16:20 Watch Tower
16:22 Watch Tower
» items
| Healing Salve | 7 | |
| Lesser Clarity Potion | 4 | |
| Scroll of Town Portal | 4 | |
| Orb of Lightning | 2 | |
17 total

»
Altercate (
blue | 83 APM | 1757 actions | 21:10)
5 Tauren Chieftain
2 War Stomp
3 Endurance Aura
» actions
| Assign group hotkey | 20 | |
| Basic commands | 2 | |
| Build / train | 75 | |
| Enter build submenu | 25 | |
| Enter hero's abilities submenu | 5 | |
| Give item / drop item | 1 | |
| Remove unit from queue | 1 | |
| Right click | 494 | |
| Select / deselect | 465 | |
| Select group hotkey | 585 | |
| Use ability | 84 | |
1757 total
» units
| Peon | 16 | |
| Grunt | 2 | |
| Troll Headhunter/Berserker | 10 | |
| Demolisher | 1 | |
| Shaman | 4 | |
| Troll Witch Doctor | 3 | |
| Raider | 5 | |
| Kodo Beast | 2 | |
43 total
» upgrades
| Ranged Weapons | 2 | |
| Armor | 2 | |
| Troll Regeneration | 1 | |
| Shaman Training | 2 | |
| Witch Doctor Training | 2 | |
| Berserker Upgrade | 1 | |
| Ensnare | 1 | |
| Reinforced Defenses | 1 | |
| Burning Oil | 1 | |
| War Drums Damage Increase | 1 | |
14 total
» buildings
| Altar of Storms | 1 | |
| Orc Burrow | 8 | |
| Barracks | 2 | |
| War Mill | 1 | |
| Voodoo Lounge | 1 | |
| Stronghold | 1 | |
| Great Hall | 1 | |
| Watch Tower | 7 | |
| Fortress | 1 | |
| Spirit Lodge | 2 | |
| Beastiary | 1 | |
26 total
» build order
00:02 Altar of Storms
00:04 Orc Burrow
01:00 Barracks
01:29 Orc Burrow
02:18 War Mill
03:04 Voodoo Lounge
03:17 Orc Burrow
03:47 Barracks
05:19 Stronghold
05:34 Great Hall
05:55 Watch Tower
06:28 Orc Burrow
07:03 Orc Burrow
07:52 Fortress
07:55 Spirit Lodge
09:08 Spirit Lodge
11:33 Beastiary
11:57 Orc Burrow
13:57 Orc Burrow
15:31 Watch Tower
15:34 Watch Tower
16:40 Watch Tower
16:43 Watch Tower
17:47 Orc Burrow
18:10 Watch Tower
18:19 Watch Tower
» items
| Healing Salve | 3 | |
| Scroll of Town Portal | 2 | |
| Orb of Corruption | 1 | |
| Rod of Necromancy | 1 | |
| Orb of Lightning | 1 | |
8 total
Bettach (
purple | 38 APM | 797 actions | 21:10)
5 Tauren Chieftain
1 War Stomp
2 Endurance Aura
2 Shockwave
» actions
| Basic commands | 1 | |
| Build / train | 56 | |
| Enter build submenu | 25 | |
| Enter hero's abilities submenu | 6 | |
| Remove unit from queue | 2 | |
| Right click | 398 | |
| Select / deselect | 257 | |
| Use ability | 52 | |
797 total
» units
| Peon | 12 | |
| Raider | 11 | |
| Shaman | 6 | |
| Troll Batrider | 6 | |
35 total
» upgrades
| Spiked Barricades | 1 | |
| Shaman Training | 2 | |
| Melee Weapons | 2 | |
| Ensnare | 1 | |
| Pillage | 1 | |
| Armor | 1 | |
| Liquid Fire | 1 | |
9 total
» buildings
| Orc Burrow | 7 | |
| Altar of Storms | 1 | |
| Stronghold | 1 | |
| War Mill | 1 | |
| Watch Tower | 5 | |
| Beastiary | 3 | |
| Spirit Lodge | 1 | |
| Voodoo Lounge | 1 | |
| Fortress | 1 | |
21 total
» build order
00:17 Orc Burrow
00:48 Altar of Storms
02:05 Orc Burrow
02:30 Stronghold
02:42 War Mill
02:49 Orc Burrow
04:07 Watch Tower
04:32 Watch Tower
04:35 Watch Tower
05:29 Watch Tower
05:39 Beastiary
05:41 Beastiary
05:46 Beastiary
06:48 Spirit Lodge
06:53 Orc Burrow
07:12 Voodoo Lounge
08:15 Fortress
08:28 Orc Burrow
09:34 Orc Burrow
13:28 Orc Burrow
16:29 Watch Tower
» items
| Scroll of Town Portal | 1 | |
| Scroll of Speed | 1 | |
2 total
team 2 (loser)

»
SeaSlug (
yellow | 84 APM | 1054 actions | 12:33)
2 Pandaren Brewmaster
1 Breath of Fire
1 Drunken Haze
1 Paladin
1 Holy Light
» actions
| Assign group hotkey | 39 | |
| Basic commands | 102 | |
| Build / train | 69 | |
| Enter build submenu | 37 | |
| Enter hero's abilities submenu | 3 | |
| Give item / drop item | 3 | |
| Remove unit from queue | 1 | |
| Right click | 288 | |
| Select / deselect | 350 | |
| Select group hotkey | 48 | |
| Use ability | 114 | |
1054 total
» units
» upgrades
| Lumber Harvesting | 1 | |
| Masonry | 2 | |
| Gunpowder | 1 | |
| Barrage | 1 | |
5 total
» buildings
| Arcane Vault | 2 | |
| Farm | 11 | |
| Lumber Mill | 2 | |
| Scout Tower | 11 | |
| Arcane Tower | 3 | |
| Altar of Kings | 2 | |
| Keep | 1 | |
| Guard Tower | 4 | |
| Town Hall | 1 | |
| Castle | 1 | |
| Blacksmith | 1 | |
| Workshop | 3 | |
42 total
» build order
00:25 Arcane Vault
00:38 Farm
00:42 Lumber Mill
01:19 Scout Tower
01:24 Scout Tower
01:42 Farm
02:00 Arcane Vault
02:03 Scout Tower
02:10 Arcane Tower
02:18 Farm
02:27 Scout Tower
02:45 Altar of Kings
02:55 Altar of Kings
03:27 Scout Tower
03:50 Scout Tower
03:55 Keep
04:25 Scout Tower
04:26 Arcane Tower
04:28 Guard Tower
05:16 Town Hall
05:57 Lumber Mill
06:29 Scout Tower
06:52 Scout Tower
06:52 Scout Tower
06:54 Castle
07:02 Arcane Tower
07:27 Guard Tower
07:50 Scout Tower
08:02 Blacksmith
08:18 Guard Tower
08:50 Guard Tower
09:14 Workshop
09:14 Workshop
09:40 Workshop
09:50 Farm
09:51 Farm
10:03 Farm
10:03 Farm
10:17 Farm
10:17 Farm
10:20 Farm
10:20 Farm
» items
| Lesser Clarity Potion | 12 | |
| Mechanical Critter | 2 | |
| Scroll of Regeneration | 1 | |
| Ivory Tower | 1 | |
| Potion of Healing | 2 | |
18 total

»
Mark645 (
teal | 24 APM | 300 actions | 12:37)
2 Archmage
1 Summon Water Elemental
1 Blizzard
» actions
| Assign group hotkey | 4 | |
| Basic commands | 2 | |
| Build / train | 25 | |
| Enter build submenu | 16 | |
| Enter hero's abilities submenu | 2 | |
| Right click | 127 | |
| Select / deselect | 98 | |
| Select group hotkey | 5 | |
| Use ability | 21 | |
300 total
» units
| Peasant | 8 | |
| Footman | 4 | |
| Rifleman | 3 | |
| Gryphon Rider | 3 | |
18 total
» upgrades
» buildings
| Altar of Kings | 1 | |
| Farm | 9 | |
| Barracks | 1 | |
| Lumber Mill | 1 | |
| Blacksmith | 1 | |
| Keep | 1 | |
| Castle | 1 | |
| Gryphon Aviary | 2 | |
17 total
» build order
00:25 Altar of Kings
00:38 Farm
00:53 Barracks
01:24 Farm
01:36 Lumber Mill
02:00 Farm
02:24 Blacksmith
02:37 Farm
03:23 Farm
04:07 Keep
04:14 Farm
07:34 Castle
07:37 Farm
07:42 Gryphon Aviary
07:53 Gryphon Aviary
09:14 Farm
09:54 Farm
humansux (
orange | 33 APM | 700 actions | 21:10)
1 Paladin
1 Divine Shield
» actions
| Build / train | 81 | |
| Enter build submenu | 36 | |
| Enter hero's abilities submenu | 1 | |
| Right click | 280 | |
| Select / deselect | 255 | |
| Use ability | 47 | |
700 total
» units
| Peasant | 13 | |
| Siege Engine | 6 | |
| Mortar Team | 35 | |
54 total
» upgrades
| Gunpowder | 3 | |
| Plating | 3 | |
| Lumber Harvesting | 2 | |
| Masonry | 3 | |
11 total
» buildings
| Farm | 9 | |
| Altar of Kings | 1 | |
| Blacksmith | 1 | |
| Lumber Mill | 1 | |
| Keep | 1 | |
| Arcane Vault | 1 | |
| Castle | 1 | |
| Workshop | 5 | |
| Scout Tower | 16 | |
| Guard Tower | 6 | |
| Cannon Tower | 6 | |
48 total
» build order
00:06 Farm
00:10 Altar of Kings
00:46 Farm
01:52 Blacksmith
01:57 Lumber Mill
02:50 Keep
03:16 Farm
03:54 Farm
04:35 Farm
05:33 Arcane Vault
05:34 Castle
05:44 Workshop
05:47 Workshop
05:52 Farm
05:57 Farm
05:59 Farm
06:59 Workshop
07:01 Scout Tower
07:08 Workshop
07:12 Scout Tower
07:16 Workshop
07:25 Scout Tower
07:31 Guard Tower
07:37 Guard Tower
07:52 Scout Tower
07:53 Guard Tower
07:57 Scout Tower
08:16 Scout Tower
08:30 Guard Tower
08:51 Guard Tower
09:25 Guard Tower
17:50 Farm
18:43 Scout Tower
18:47 Scout Tower
18:51 Scout Tower
18:53 Scout Tower
18:56 Scout Tower
19:03 Scout Tower
19:06 Scout Tower
19:08 Scout Tower
19:11 Scout Tower
19:14 Scout Tower
19:16 Cannon Tower
19:34 Cannon Tower
19:36 Cannon Tower
19:37 Cannon Tower
19:46 Cannon Tower
19:59 Cannon Tower

»
CC_Jockinay (
pink | 38 APM | 456 actions | 12:01)
1 Warden
1 Fan of Knives
» actions
| Assign group hotkey | 1 | |
| Build / train | 17 | |
| Enter build submenu | 18 | |
| Enter hero's abilities submenu | 2 | |
| Right click | 193 | |
| Select / deselect | 77 | |
| Select group hotkey | 106 | |
| Use ability | 42 | |
456 total
» units
» buildings
| Moon Well | 5 | |
| Altar of Elders | 1 | |
| Hunter's Hall | 1 | |
| Tree of Ages | 1 | |
| Ancient Protector | 5 | |
| Tree of Eternity | 1 | |
| Ancient of Wind | 2 | |
| Chimaera Roost | 4 | |
20 total
» build order
00:09 Moon Well
00:16 Altar of Elders
01:32 Hunter's Hall
01:49 Moon Well
02:32 Tree of Ages
03:08 Ancient Protector
03:17 Moon Well
03:20 Moon Well
03:30 Ancient Protector
05:19 Tree of Eternity
05:52 Ancient Protector
07:52 Ancient of Wind
07:59 Ancient Protector
08:17 Moon Well
09:26 Ancient of Wind
09:38 Ancient Protector
10:37 Chimaera Roost
10:55 Chimaera Roost
10:59 Chimaera Roost
11:07 Chimaera Roost
Chat log
(00:24 / Allies) StivMclabud: hi
(00:26 / Allies) KuKuKuKuKuKuKu: ^sup
(00:29 / Allies) StivMclabud: gold plz
(00:31 / Allies) KuKuKuKuKuKuKu: no
(00:32 / All) KuKuKuKuKuKuKu: gg wp
(00:33 / Allies) StivMclabud: need rush
(00:37 / Allies) KuKuKuKuKuKuKu: why
(00:38 / Allies) StivMclabud: if they go
(00:52 / All) KuKuKuKuKuKuKu: Where are you all from?
(01:02 / Allies) StivMclabud: belgrade
(01:05 / Allies) Altercate: fin
(01:28 / Allies) KuKuKuKuKuKuKu: finskajävel
(01:42 / Allies) StivMclabud: all mass and go
(01:46 / Allies) KuKuKuKuKuKuKu: kk
(02:36 / Allies) StivMclabud: man make units
(02:37 / Allies) StivMclabud: ?
(02:57 / Allies) Altercate: thast about the mass
(03:39 / All) KuKuKuKuKuKuKu: level 1 paladin harass lol
(03:47 / Allies) StivMclabud: go
(04:00 / Allies) KuKuKuKuKuKuKu: purp is busy teching
(04:01 / Allies) KuKuKuKuKuKuKu: no point
(04:34 / Allies) StivMclabud: lol
(05:04 / Allies) Bettach: np
(05:23 / Allies) Altercate: block him
(06:11 / Allies) Bettach: tank for orange
(06:24 / Allies) KuKuKuKuKuKuKu: he is a robot figures he gets mechanical units
(06:38 / Allies) Bettach: lol green ^^
(06:51 / Allies) StivMclabud: come
(09:45 / Allies) Bettach: need atak orange
(09:47 / Allies) Bettach: mass tank
(09:50 / Allies) Bettach: is not good
(09:54 / Allies) StivMclabud: go all
(10:31 / Allies) KuKuKuKuKuKuKu: hall
(11:02 / Allies) Altercate: some bats plz
(12:32 / All) SeaSlug: lol
(12:32 / All) SeaSlug: gg
(12:34 / All) KuKuKuKuKuKuKu: gg
(12:42 / All) KuKuKuKuKuKuKu: nice level 1 paladin harass
(12:55 / All) KuKuKuKuKuKuKu: of course he is the only one still playing lol
(15:37 / Allies) Bettach: im bloked red
(15:42 / Allies) Bettach: ty
(19:12 / All) StivMclabud: go out noob
(19:20 / All) KuKuKuKuKuKuKu: doubt he knows how to leave
(20:44 / All) Bettach: mass tower suxx